2553 views
Uploaded 2021-08-08 00:11:21
Game version 1.32.10
8:34 long 4on4 ladder game on (8)Sanctuary_LV
Saved by AskeLange
2553 views
Uploaded 2021-08-08 00:11:21
Game version 1.32.10
8:34 long 4on4 ladder game on (8)Sanctuary_LV


72 units @ 10.1k
/ 1.1k
41 buildings @ 6k
/ 1.7k

| Peasant | 8 | 600 | / | 0 |
| Footman | 4 | 540 | / | 0 |
| Rifleman | 5 | 1025 | / | 150 |
| total: | 17 | 2165g | / | 150w |
| Scout Tower | 3 | 90 | / | 60 |
| Guard Tower | 2 | 140 | / | 100 |
| Altar of Kings | 1 | 180 | / | 50 |
| Barracks | 2 | 320 | / | 120 |
| Farm | 7 | 560 | / | 140 |
| Blacksmith | 1 | 140 | / | 60 |
| Lumber Mill | 1 | 120 | / | 0 |
| Arcane Vault | 1 | 130 | / | 30 |
| Keep | 1 | 320 | / | 210 |
| Castle | 1 | 360 | / | 210 |
| total: | 16 | 1540g | / | 460w |
| 0:07 | Altar of Kings |
| 0:11 | Barracks |
| 0:14 | Peasant |
| 0:14 | Peasant |
| 0:42 | Peasant |
| 0:51 | Peasant |
| 1:14 | Farm |
| 1:18 | Farm |
| 1:20 | Peasant |
| 1:21 | Footman |
| 1:24 | Peasant |
| 1:56 | Blacksmith |
| 2:04 | Lumber Mill |
| 2:08 | Footman |
| 2:10 | Peasant |
| 2:18 | Footman |
| 2:40 | Peasant |
| 2:47 | Farm |
| 2:51 | Devotion Aura |
| 3:50 | Arcane Vault |
| 3:52 | Rifleman |
| 3:58 | Farm |
| 4:00 | Improved Lumber Harvesting |
| 4:01 | Keep |
| 4:13 | Footman |
| 4:43 | Farm |
| 4:46 | Rifleman |
| 4:49 | Black Gunpowder |
| 4:55 | Holy Light |
| 5:04 | Rifleman |
| 5:08 | Scout Tower |
| 5:30 | Farm |
| 5:38 | Rifleman |
| 5:44 | Studded Leather Armor |
| 5:57 | Scout Tower |
| 6:24 | Castle |
| 6:29 | Iron Forged Swords |
| 6:41 | Farm |
| 6:48 | Scout Tower |
| 7:14 | Devotion Aura |
| 8:12 | Rifleman |
| 8:15 | Barracks |
| 8:16 | Guard Tower |
| 8:18 | Guard Tower |
| 8:21 | Divine Shield |
| Right click | 75 |
| Select | 72 |
| Chat | 66 |
| Misc. action | 49 |
| Build/train/purchase | 34 |
| Use ability | 8 |

| Rod of Necromancy | 2 | 300 |
| total: | 2 | 300g |
| Acolyte | 5 | 375 | / | 0 |
| Ghoul | 5 | 600 | / | 0 |
| Crypt Fiend | 5 | 1075 | / | 200 |
| Wisp | 13 | 780 | / | 0 |
| Huntress | 12 | 2340 | / | 240 |
| total: | 40 | 5170g | / | 440w |
| Graveyard | 2 | 430 | / | 0 |
| Crypt | 1 | 200 | / | 50 |
| Altar of Darkness | 1 | 180 | / | 50 |
| Ziggurat | 3 | 450 | / | 150 |
| Tomb of Relics | 1 | 130 | / | 30 |
| Halls of the Dead | 1 | 320 | / | 210 |
| Altar of Elders | 1 | 180 | / | 50 |
| Moon Well | 4 | 720 | / | 160 |
| Hunter's Hall | 1 | 210 | / | 100 |
| Ancient of War | 2 | 300 | / | 120 |
| Tree of Life | 1 | 340 | / | 185 |
| total: | 17 | 3140g | / | 895w |
| 0:03 | Acolyte |
| 0:16 | Wisp |
| 0:16 | Wisp |
| 0:16 | Wisp |
| 0:16 | Wisp |
| 0:17 | Wisp |
| 0:17 | Wisp |
| 0:22 | Altar of Elders |
| 0:29 | Graveyard |
| 0:31 | Graveyard |
| 0:33 | Crypt |
| 0:36 | Acolyte |
| 0:38 | Moon Well |
| 0:47 | Altar of Darkness |
| 1:05 | Wisp |
| 1:05 | Wisp |
| 1:05 | Wisp |
| 1:05 | Wisp |
| 1:06 | Wisp |
| 1:06 | Wisp |
| 1:09 | Ziggurat |
| 1:34 | Ghoul |
| 1:46 | Tomb of Relics |
| 1:53 | Hunter's Hall |
| 1:55 | Ancient of War |
| 2:00 | Crypt Fiend |
| 2:06 | Wisp |
| 2:09 | Moon Well |
| 2:17 | Crypt Fiend |
| 2:25 | Ziggurat |
| 2:27 | Trueshot Aura |
| 2:31 | Ancient of War |
| 2:54 | Crypt Fiend |
| 2:58 | Death Coil |
| 3:02 | Rod of Necromancy |
| 3:02 | Rod of Necromancy |
| 3:22 | Huntress |
| 3:24 | Moon Well |
| 3:38 | Huntress |
| 3:40 | Huntress |
| 3:43 | Crypt Fiend |
| 3:59 | Huntress |
| 4:16 | Halls of the Dead |
| 4:17 | Crypt Fiend |
| 4:22 | Huntress |
| 4:43 | Ziggurat |
| 4:46 | Unholy Aura |
| 4:48 | Huntress |
| 5:21 | Huntress |
| 5:23 | Moon Well |
| 5:30 | Creature Attack |
| 5:40 | Searing Arrows |
| 5:48 | Huntress |
| 6:15 | Ghoul |
| 6:15 | Ghoul |
| 6:16 | Ghoul |
| 6:16 | Ghoul |
| 6:33 | Huntress |
| 6:33 | Huntress |
| 6:44 | Acolyte |
| 6:45 | Acolyte |
| 6:45 | Acolyte |
| 7:00 | Trueshot Aura |
| 7:34 | Tree of Life |
| 7:36 | Huntress |
| 7:37 | Huntress |
| 8:14 | Death Coil |
| Select group | 895 |
| Right click | 426 |
| Select | 270 |
| Chat | 90 |
| Build/train/purchase | 68 |
| Assign group | 39 |
| Misc. action | 36 |
| Use ability | 14 |
| Minimap ping | 3 |
| Item give/drop | 2 |
| Esc | 2 |

| Rod of Necromancy | 1 | 150 |
| total: | 1 | 150g |
| Acolyte | 5 | 375 | / | 0 |
| Ghoul | 1 | 120 | / | 0 |
| Crypt Fiend | 7 | 1505 | / | 280 |
| Goblin Shredder | 2 | 750 | / | 200 |
| total: | 15 | 2750g | / | 480w |
| Graveyard | 1 | 215 | / | 0 |
| Crypt | 1 | 200 | / | 50 |
| Altar of Darkness | 1 | 180 | / | 50 |
| Ziggurat | 4 | 600 | / | 200 |
| Tomb of Relics | 1 | 130 | / | 30 |
| Halls of the Dead | 1 | 320 | / | 210 |
| total: | 8 | 1325g | / | 330w |
| 0:03 | Acolyte |
| 0:09 | Acolyte |
| 0:20 | Graveyard |
| 0:24 | Crypt |
| 0:49 | Altar of Darkness |
| 1:00 | Ziggurat |
| 1:25 | Ghoul |
| 1:34 | Tomb of Relics |
| 1:53 | Crypt Fiend |
| 2:10 | Ziggurat |
| 2:27 | Crypt Fiend |
| 2:51 | Rod of Necromancy |
| 2:57 | Unholy Aura |
| 3:05 | Crypt Fiend |
| 3:12 | Acolyte |
| 3:33 | Crypt Fiend |
| 3:57 | Acolyte |
| 4:02 | Death Coil |
| 4:09 | Acolyte |
| 4:24 | Ziggurat |
| 4:57 | Death Coil |
| 5:15 | Goblin Shredder |
| 5:16 | Goblin Shredder |
| 5:29 | Crypt Fiend |
| 5:41 | Ziggurat |
| 6:16 | Halls of the Dead |
| 6:38 | Crypt Fiend |
| 6:57 | Crypt Fiend |
| 7:32 | Unholy Aura |
| 8:05 | Creature Attack |
| 8:06 | Creature Carapace |
| Right click | 264 |
| Select | 119 |
| Select group | 83 |
| Assign group | 39 |
| Build/train/purchase | 35 |
| Use ability | 10 |
| Misc. action | 8 |
| Chat | 3 |
100 units @ 12.6k
/ 1.3k
46 buildings @ 7.3k
/ 2.2k


| Scroll of Regeneration | 1 | 100 |
| total: | 1 | 100g |
| Peasant | 13 | 975 | / | 0 |
| Footman | 6 | 810 | / | 0 |
| Rifleman | 8 | 1640 | / | 240 |
| total: | 27 | 3425g | / | 240w |
| Altar of Kings | 1 | 180 | / | 50 |
| Farm | 12 | 960 | / | 240 |
| Barracks | 3 | 480 | / | 180 |
| Lumber Mill | 1 | 120 | / | 0 |
| Arcane Vault | 1 | 130 | / | 30 |
| Town Hall | 1 | 385 | / | 205 |
| Blacksmith | 1 | 140 | / | 60 |
| Keep | 1 | 320 | / | 210 |
| total: | 20 | 2395g | / | 765w |
| 0:03 | Peasant |
| 0:03 | Peasant |
| 0:19 | Altar of Kings |
| 0:20 | Farm |
| 0:25 | Peasant |
| 0:35 | Barracks |
| 0:42 | Peasant |
| 0:50 | Farm |
| 1:08 | Peasant |
| 1:25 | Peasant |
| 1:36 | Footman |
| 1:42 | Peasant |
| 1:45 | Farm |
| 1:59 | Footman |
| 2:01 | Peasant |
| 2:06 | Lumber Mill |
| 2:12 | Farm |
| 2:19 | Storm Bolt |
| 2:22 | Footman |
| 2:29 | Peasant |
| 2:40 | Peasant |
| 3:05 | Arcane Vault |
| 3:07 | Peasant |
| 3:19 | Footman |
| 3:59 | Town Hall |
| 4:26 | Keep |
| 4:30 | Thunder Clap |
| 4:44 | Scroll of Regeneration |
| 4:54 | Barracks |
| 5:16 | Barracks |
| 5:23 | Peasant |
| 5:24 | Peasant |
| 5:33 | Blacksmith |
| 5:54 | Farm |
| 5:55 | Improved Lumber Harvesting |
| 6:03 | Farm |
| 6:03 | Farm |
| 6:16 | Footman |
| 6:16 | Footman |
| 6:36 | Black Gunpowder |
| 6:48 | Rifleman |
| 6:58 | Long Rifles |
| 7:02 | Farm |
| 7:02 | Farm |
| 7:03 | Farm |
| 7:10 | Farm |
| 7:11 | Farm |
| 7:26 | Thunder Clap |
| 7:34 | Rifleman |
| 7:35 | Rifleman |
| 7:43 | Rifleman |
| 7:54 | Rifleman |
| 7:54 | Rifleman |
| 8:04 | Rifleman |
| 8:28 | Rifleman |
| 8:30 | Holy Light |
| Right click | 365 |
| Select | 245 |
| Select group | 212 |
| Assign group | 112 |
| Build/train/purchase | 47 |
| Misc. action | 19 |
| Use ability | 5 |
| Esc | 3 |
| Minimap ping | 2 |
| Item give/drop | 1 |

| Wisp | 8 | 480 | / | 0 |
| Huntress | 9 | 1755 | / | 180 |
| total: | 17 | 2235g | / | 180w |
| Altar of Elders | 1 | 180 | / | 50 |
| Moon Well | 4 | 720 | / | 160 |
| Hunter's Hall | 1 | 210 | / | 100 |
| Ancient of War | 2 | 300 | / | 120 |
| Tree of Ages | 1 | 320 | / | 180 |
| total: | 8 | 1410g | / | 430w |
| 0:01 | Wisp |
| 0:01 | Wisp |
| 0:05 | Altar of Elders |
| 0:18 | Moon Well |
| 0:21 | Wisp |
| 0:30 | Wisp |
| 0:34 | Wisp |
| 0:38 | Wisp |
| 0:49 | Wisp |
| 1:40 | Wisp |
| 1:42 | Hunter's Hall |
| 1:51 | Ancient of War |
| 1:55 | Ancient of War |
| 1:59 | Moon Well |
| 2:07 | Entangling Roots |
| 2:20 | Moon Well |
| 3:10 | Huntress |
| 3:19 | Huntress |
| 3:40 | Huntress |
| 4:03 | Huntress |
| 4:13 | Huntress |
| 4:44 | Huntress |
| 4:52 | Huntress |
| 5:15 | Force of Nature |
| 5:26 | Moon Well |
| 5:27 | Moon Armor |
| 6:27 | Entangling Roots |
| 6:28 | Huntress |
| 6:41 | Tree of Ages |
| 7:04 | Huntress |
| Right click | 428 |
| Select | 173 |
| Misc. action | 82 |
| Build/train/purchase | 34 |
| Use ability | 18 |
| Assign group | 15 |
| Select group | 5 |
| Resource trade | 5 |

| Healing Salve | 1 | 100 |
| total: | 1 | 100g |
| Peon | 9 | 675 | / | 0 |
| Troll Headhunter | 25 | 3500 | / | 500 |
| Goblin Shredder | 1 | 375 | / | 100 |
| total: | 35 | 4550g | / | 600w |
| Altar of Storms | 1 | 180 | / | 50 |
| Orc Burrow | 3 | 480 | / | 120 |
| War Mill | 1 | 205 | / | 0 |
| Barracks | 1 | 180 | / | 50 |
| Voodoo Lounge | 1 | 130 | / | 30 |
| Great Hall | 1 | 385 | / | 185 |
| Stronghold | 1 | 315 | / | 190 |
| total: | 8 | 1560g | / | 435w |
| 0:03 | Peon |
| 0:03 | Peon |
| 0:03 | Peon |
| 0:11 | Altar of Storms |
| 0:17 | Orc Burrow |
| 0:20 | Peon |
| 0:50 | War Mill |
| 1:08 | Barracks |
| 1:17 | Peon |
| 1:25 | Peon |
| 1:30 | Peon |
| 1:46 | Orc Burrow |
| 1:49 | Peon |
| 1:59 | Voodoo Lounge |
| 2:12 | Troll Headhunter |
| 2:12 | Troll Headhunter |
| 2:12 | Troll Headhunter |
| 2:12 | Troll Headhunter |
| 2:12 | Troll Headhunter |
| 2:15 | Feral Spirit |
| 2:34 | Troll Headhunter |
| 2:41 | Troll Headhunter |
| 2:57 | Orc Burrow |
| 3:10 | Troll Headhunter |
| 3:10 | Troll Headhunter |
| 3:10 | Troll Headhunter |
| 3:10 | Troll Headhunter |
| 3:10 | Troll Headhunter |
| 3:22 | Troll Headhunter |
| 3:23 | Troll Headhunter |
| 3:23 | Troll Headhunter |
| 3:23 | Troll Headhunter |
| 3:23 | Troll Headhunter |
| 3:40 | Troll Headhunter |
| 3:47 | Peon |
| 3:58 | Chain Lighting |
| 4:27 | Great Hall |
| 4:32 | Troll Headhunter |
| 4:32 | Troll Headhunter |
| 4:32 | Troll Headhunter |
| 4:32 | Troll Headhunter |
| 5:13 | Goblin Shredder |
| 5:22 | Steel Ranged Weapons |
| 5:32 | Troll Headhunter |
| 5:47 | Feral Spirit |
| 5:52 | Healing Salve |
| 7:08 | Stronghold |
| 7:08 | Troll Headhunter |
| 7:09 | Troll Headhunter |
| 7:10 | Steel Armor |
| 8:02 | Chain Lighting |
| Select | 136 |
| Right click | 132 |
| Build/train/purchase | 81 |
| Use ability | 4 |

| Healing Salve | 2 | 200 |
| Lesser Clarity Potion | 1 | 70 |
| Scroll of Speed | 1 | 50 |
| total: | 4 | 320g |
| Peon | 8 | 600 | / | 0 |
| Troll Headhunter | 13 | 1820 | / | 260 |
| total: | 21 | 2420g | / | 260w |
| Altar of Storms | 1 | 180 | / | 50 |
| Orc Burrow | 4 | 640 | / | 160 |
| War Mill | 1 | 205 | / | 0 |
| Barracks | 2 | 360 | / | 100 |
| Voodoo Lounge | 1 | 130 | / | 30 |
| Great Hall | 1 | 385 | / | 185 |
| total: | 10 | 1900g | / | 525w |
| 0:04 | Peon |
| 0:04 | Peon |
| 0:04 | Peon |
| 0:12 | Altar of Storms |
| 0:21 | Orc Burrow |
| 0:34 | Peon |
| 0:52 | War Mill |
| 1:00 | Peon |
| 1:05 | Barracks |
| 1:21 | Peon |
| 1:38 | Peon |
| 1:38 | Peon |
| 1:43 | Orc Burrow |
| 2:08 | Troll Headhunter |
| 2:11 | Voodoo Lounge |
| 2:16 | Hex |
| 2:23 | Troll Headhunter |
| 2:39 | Troll Headhunter |
| 2:51 | Troll Headhunter |
| 3:09 | Orc Burrow |
| 3:14 | Healing Salve |
| 3:24 | Troll Headhunter |
| 3:24 | Troll Headhunter |
| 3:42 | Troll Headhunter |
| 4:12 | Healing Wave |
| 4:15 | Troll Headhunter |
| 4:17 | Barracks |
| 4:29 | Troll Headhunter |
| 4:56 | Troll Headhunter |
| 5:11 | Great Hall |
| 5:30 | Healing Wave |
| 5:35 | Troll Headhunter |
| 5:47 | Healing Salve |
| 5:50 | Lesser Clarity Potion |
| 5:52 | Scroll of Speed |
| 6:11 | Steel Ranged Weapons |
| 6:15 | Troll Headhunter |
| 6:53 | Orc Burrow |
| 8:25 | Hex |
| 8:32 | Troll Headhunter |
| Right click | 540 |
| Select group | 284 |
| Select | 203 |
| Misc. action | 137 |
| Build/train/purchase | 32 |
| Assign group | 21 |
| Use ability | 12 |
| Resource trade | 5 |
| Minimap ping | 4 |
| Item give/drop | 2 |
| Remove unit | 1 |
⇛